 Dungeon Crawl Stone Soup version 0.19.1 (webtiles) character file.

84 empire the Charlatan (level 4, -7/32 HPs)
             Began as a Demonspawn Artificer on Dec 16, 2016.
             Killed from afar by an orc wizard (8 damage)
             ... with a magic dart
             ... on level 3 of the Dungeon.
             The game lasted 00:06:12 (2353 turns).

empire the Charlatan (Demonspawn Artificer)         Turns: 2353, Time: 00:06:13

Health: -7/32      AC:  4    Str: 17    XL:     4   Next: 23%
Magic:  6/6        EV: 14    Int: 12    God:
Gold:   165        SH:  0    Dex: 15    Spells: 0 memorised, 3 levels left

rFire  + . .     SeeInvis .     a - +1 short sword
rCold  . . .     Gourm    .     k - +2 robe {rF+}
rNeg   . . .     Faith    .     (no shield)
rPois  .         Spirit   .     (no helmet)
rElec  .         Reflect  .     (no cloak)
rCorr  .         Harm     .     (no gloves)
MR     .....                    (no boots)
Stlth  ++........               (no amulet)
                                (no ring)
                                (no ring)

@: mighty, hasted, very quick
A: hooves 1, repulsion field 1
a: no special abilities


You were on level 3 of the Dungeon.
You were hungry.

You visited 1 branch of the dungeon, and saw 3 of its levels.

You collected 165 gold pieces.

Inventory:

Hand Weapons
 a - a +1 short sword (weapon)
 b - a +0 falchion
 r - a +1 antimagic hand axe
Missiles
 g - 18 poisoned needles
 n - 2 curare-tipped needles
 q - 36 arrows
Armour
 k - a +2 robe of fire resistance (worn)
 l - a +0 chain mail
Wands
 c - a wand of flame (23/48)
 d - a wand of enslavement (15/24)
 e - a wand of random effects (15/48)
Scrolls
 m - 2 scrolls of amnesia
 s - a scroll of recharging
Potions
 j - 3 potions of degeneration
Comestibles
 f - 2 bread rations
 i - 2 fruits
 p - a meat ration


   Skills:
 - Level 1.0 Fighting
 + Level 2.1 Short Blades
 - Level 1.7 Dodging
 + Level 2.4 Stealth
 + Level 3.8 Evocations


You had 3 spell levels left.
You didn't know any spells.

Dungeon Overview and Level Annotations

Branches:
Dungeon (3/15)

Altars:
Ashenzari
Uskayaw


Innate Abilities, Weirdness & Mutations

You have large cloven feet.
You are surrounded by a mild repulsion field. (EV +2)


Message History

Aim: an orc, wielding a trident and wearing a leather armour The puff of flame hits the orc.
You kill the orc!
This wand has 23 charges left.
You hear some strange, mumbled words.
A puff of flame appears from out of thin air!
The puff of flame hits you! You resist.
Items here: )) [[ a trident; a leather armour; a mace; a scale mail You hit something.
You kick something. Something hits you.
* * * LOW HITPOINT WARNING * * *
It was a potion of might.
You feel very mighty all of a sudden. Something hits you.
* * * LOW HITPOINT WARNING * * *
It was a potion of haste.
You feel yourself speed up.
You hear some strange, mumbled words.
A magic dart appears from out of thin air!
The magic dart hits you!
You die...

#.######<............8
#.# #.###.######...
######.######.# #.#
#..8
#######.o.o..o...##.#
#.# #...
.............###)##.#
#.# ####
......#o###..# #.##.#
#.. # ....#># #..#
#.##.. ... .##.# #..#
#.##.. #. .# .# #..#
#@##.. .# .
...).o......# .# #
##.###...##.# .# ..#..
.# ##. ... .. .... ..
....# ... ....#


You could see an orc.

Vanquished Creatures
  An adder (D:3)
  2 oozes (D:2)
  A worm (D:2)
  A dart slug (D:1)
  3 leopard geckos (D:2)
  7 orcs (D:3)
  A ball python (D:1)
  9 bats
  4 giant cockroaches
  5 goblins
  A hobgoblin (D:2)
  5 frilled lizards (D:2)
  3 kobolds
  9 rats
52 creatures vanquished.

Notes
Turn   | Place    | Note
-------+----------+-------------------------------------------
     0 | D:1      | empire the Demonspawn Artificer began the quest for the Orb.
     0 | D:1      | Reached XP level 1. HP: 15/15 MP: 3/3
    41 | D:1      | Reached skill level 1 in Short Blades
    68 | D:1      | Found a shattered altar of Ashenzari.
   133 | D:1      | Gained mutation: You are surrounded by a mild repulsion field. (EV +2) [demonic ancestry]
   133 | D:1      | Reached XP level 2. HP: 21/21 MP: 4/4
   434 | D:1      | Reached skill level 1 in Stealth
   748 | D:2      | Gained mutation: You have large cloven feet. [demonic ancestry]
   748 | D:2      | Reached XP level 3. HP: 18/26 MP: 5/5
  1966 | D:3      | Reached XP level 4. HP: 17/32 MP: 6/6
  2287 | D:3      | Found a hide-covered altar of Uskayaw.
  2352 | D:3      | HP: 1/32 [something (5)]
  2353 | D:3      | Killed from afar by an orc wizard

Skill      XL: |  1  2  3 |
---------------+----------+-----
Short Blades   | 1 2 |  2.1
Stealth        | 1 2 |  2.4
Fighting       | |  1.0
Dodging        | |  1.7
Evocations     | |  3.8

Action                   |  1- 3 |  4- 6 || total
-------------------------+-------+-------++-------
Melee: Short sword       |   173 |    19 ||   192
       Kick              |    17 |    10 ||    27
Evoke: Wand              |       |     9 ||     9
  Use: Scroll            |     7 |     1 ||     8
       Potion            |     1 |     2 ||     3
 Stab: Sleeping          |     3 |       ||     3
  Eat: Chunk             |     3 |     1 ||     4
Armor: Robe              |    39 |     2 ||    41
       Leather armour    |     4 |       ||     4
Dodge: Dodged            |   136 |     7 ||   143
